 Dungeon Crawl Stone Soup version 0.23-a0-612-gcb482e9 (webtiles) character file.

25161 MalarOregon the Impaler (level 13, -2/102 HPs)
             Began as a Merfolk Gladiator on Dec 21, 2018.
             Was the Champion of Nemelex Xobeh.
             Slain by a nine-headed hydra (16 damage)
             ... on level 4 of the Lair of Beasts.
             The game lasted 00:49:38 (16674 turns).

MalarOregon the Impaler (Merfolk Gladiator)        Turns: 16674, Time: 00:49:39

Health: -2/102     AC: 11    Str: 15    XL:     13   Next: 17%
Magic:  19/19      EV: 22    Int: 11    God:    Nemelex Xobeh [******]
Gold:   661        SH:  0    Dex: 19    Spells: 6/12 levels left

rFire    + . .     SeeInvis .   g - +6 halberd (elec)
rCold    . . .     Gourm    .   (shield currently unavailable)
rNeg     . . .     Faith    .   C - +2 robe {rF+}
rPois    .         Spirit   .   t - +2 helmet
rElec    .         Reflect  .   c - +0 cloak
rCorr    .         Harm     .   K - +2 pair of gloves
MR       .....                  (no boots)
Stlth    ++........             (no amulet)
HPRegen  0.27/turn              w - ring of wizardry
MPRegen  0.16/turn              k - +3 ring of dexterity

@: no status effects
A: change form in water, swift swim, stealthy swim
a: Draw Escape, Draw Destruction, Draw Summoning, Triple Draw, Deal Four, Stack
Five, Renounce Religion


You were on level 4 of the Lair of Beasts.
You worshipped Nemelex Xobeh.
Nemelex Xobeh was exalted by your worship.
You were not hungry.

You visited 3 branches of the dungeon, and saw 15 of its levels.

You collected 1057 gold pieces.
You spent 396 gold pieces at shops.

Inventory:

Hand Weapons
 g - a +6 halberd of electrocution (weapon)
   (You took it off a gnoll on level 4 of the Dungeon)
 o - a +2 spear of venom
   (You took it off a merfolk siren on level 4 of the Lair of Beasts)
 G - a +0 trident of freezing
   (You took it off an orc on level 7 of the Dungeon)
Missiles
 s - 6 javelins
 y - 3 throwing nets {!f}
 M - 7 tomahawks (quivered)
 N - 5 tomahawks of dispersal {!f}
Armour
 c - a +0 cloak (worn)
   (You found it on level 6 of the Dungeon)
 t - a +2 helmet (worn)
   (You found it on level 3 of the Dungeon)
 C - a +2 robe of fire resistance (worn)
   (You took it off Sigmund on level 3 of the Dungeon)
 K - a +2 pair of gloves (worn)
   (You found it on level 9 of the Dungeon)
 Q - a scarf of spirit shield
   (You found it on level 10 of the Dungeon)
Jewellery
 k - a +3 ring of dexterity (right hand)
   (You found it on level 5 of the Dungeon)
 w - a ring of wizardry (left hand)
   (You found it on level 3 of the Lair of Beasts)
 z - an uncursed ring of see invisible
   (You found it on level 5 of the Dungeon)
 V - an uncursed ring of poison resistance
   (You took it off a merfolk siren on level 4 of the Lair of Beasts)
Wands
 d - a wand of iceblast (8)
   (You took it off Ijyb on level 5 of the Dungeon)
 u - a wand of paralysis (18)
   (You found it on level 7 of the Dungeon)
 x - a wand of acid (2)
   (You found it on level 6 of the Dungeon)
 I - a wand of clouds (3)
   (You bought it in a shop on level 8 of the Dungeon)
 T - a wand of enslavement (4)
   (You found it on level 4 of the Lair of Beasts)
Scrolls
 a - 5 scrolls of fog
 i - 3 scrolls of amnesia
 l - 2 scrolls of fear
 E - 4 scrolls of teleportation {@r4}
 F - 8 scrolls of remove curse {@r2}
 H - a scroll of magic mapping
 J - 5 scrolls of identify {@r1}
 O - a scroll of blinking
Potions
 b - a potion of cancellation
 f - 2 potions of heal wounds {@q2}
 h - 6 potions of curing {@q1}
 m - a potion of resistance
 n - 3 potions of brilliance
 p - 5 potions of haste {@q3}
 r - a potion of ambrosia
 v - a potion of might
 A - 3 potions of berserk rage
 B - 2 potions of flight
 L - a potion of agility
Miscellaneous
 P - a phantom mirror
Comestibles
 e - 17 rations {!d}


   Skills:
 + Level 9.7 Fighting
 - Level 16.0 Polearms
 + Level 8.9 Throwing
 + Level 11.7 Dodging
 - Level 4.0 Hexes
 + Level 5.6 Transmutations
 + Level 9.1 Invocations
 - Level 5.0 Evocations


You had 6 spell levels left.
You knew the following spells:

 Your Spells              Type           Power        Failure   Level  Hunger
a - Confusing Touch       Hex            #.....       2%          1    ##.....
b - Yara's Violent Unrav  Hex/Tmut       ##........   45%         5    ######.

Your spell library contained the following spells:

 Spells                   Type           Power        Failure   Level  Hunger
 Confuse                  Hex            #.......     9%          3    ####...
 Animate Skeleton         Necr           N/A          14%         1    ##.....
 Freeze                   Ice            #...         14%         1    ##.....
 Infusion                 Chrm           #...         14%         1    ##.....
 Pain                     Necr           #...         14%         1    ##.....
 Spectral Weapon          Hex/Chrm       #.......     19%         3    ####...
 Shroud of Golubria       Chrm/Tloc      #.........   21%         2    ###....
 Song of Slaying          Chrm           #.......     21%         2    ###....
 Throw Frost              Conj/Ice       #.....       21%         2    ###....
 Gell's Gravitas          Tloc           #.........   38%         3    ####...
 Ozocubu's Armour         Chrm/Ice       #.......     38%         3    ####...
 Regeneration             Chrm/Necr      #.........   38%         3    ####...
 Vampiric Draining        Necr           #.........   38%         3    ####...
 Petrify                  Tmut/Erth      #.......     41%         4    #####..
 Animate Dead             Necr           N/A          77%         4    #####..
 Summon Ice Beast         Ice/Summ       #.......     77%         4    #####..
 Throw Icicle             Conj/Ice       #.......     77%         4    #####..
 Metabolic Englaciation   Hex/Ice        #.........   83%         5    ######.


Dungeon Overview and Level Annotations

Branches:
Dungeon (10/15)            Temple (1/1) D:6            Lair (4/6) D:10
 Shoals (0/4) Lair:4        Snake (0/4) Lair:3          Orc (0/2) D:10

Altars:
Ashenzari
Cheibriados
Dithmenos
Elyvilon
Fedhas
Gozag
Hepliaklqana
Kikubaaqudgha
Makhleb
Nemelex Xobeh
Okawaru
Qazlal
Ru
Sif Muna
Trog
Uskayaw
Vehumet
Wu Jian
Xom
Yredelemnul
Zin
The Shining One

Shops:
D:8 }

Annotations:
Lair:4 1 runed door, tilp's ghost, journeyman MfIE


Message History

Found 10 gold pieces.
Found a staircase to the Shoals.
You now have 661 gold pieces (gained 10).
The eight-headed hydra is too close now for your liking.
An eight-headed hydra is nearby!
The eight-headed hydra roars!
You chop one of the eight-headed hydra's heads off!
The seven-headed hydra grows two more!
You slash the nine-headed hydra!
Lightning courses through the nine-headed hydra!
The nine-headed hydra barely misses you.
The nine-headed hydra closely misses you.
The nine-headed hydra completely misses you.
The nine-headed hydra misses you. The nine-headed hydra bites you!
The nine-headed hydra bites you. x3; The nine-headed hydra misses you.
Wield which item (- for none, * to show all)? (? for menu, Esc to quit)
Okay, then.
Aim: a nine-headed hydra (moderately wounded)
You create a blast of noxious fumes!
The nine-headed hydra completely misses you.
The nine-headed hydra bites you but does no damage.
The nine-headed hydra bites you. The nine-headed hydra bites you!
The nine-headed hydra misses you. The nine-headed hydra bites you. x2
The nine-headed hydra bites you but does no damage.
The nine-headed hydra barely misses you.
Unknown command.
Aim: a nine-headed hydra (noxious fumes, moderately wounded)
The bolt of acid hits the nine-headed hydra.
The nine-headed hydra is splashed with acid.
The nine-headed hydra misses you. x3
The nine-headed hydra barely misses you.
The nine-headed hydra closely misses you. x2
The nine-headed hydra bites you.
The nine-headed hydra bites you but does no damage.
The nine-headed hydra misses you.
Aim: a nine-headed hydra (noxious fumes, severely wounded)
The bolt of acid hits the nine-headed hydra.
The nine-headed hydra is splashed with acid.
The acid corrodes the nine-headed hydra!
The nine-headed hydra bites you!
* * * LOW HITPOINT WARNING * * *
The nine-headed hydra bites you!
* * * LOW HITPOINT WARNING * * *
The nine-headed hydra misses you. The nine-headed hydra bites you.
* * * LOW HITPOINT WARNING * * *
The nine-headed hydra completely misses you.
The nine-headed hydra barely misses you. x2
The nine-headed hydra bites you!
* * * LOW HITPOINT WARNING * * *
The nine-headed hydra bites you!
You die...
Your body glows with a rainbow of weird colours and disappears.

#### #### #..###
###..##### #..≈.###
###.≈..#..P###
#.#.≈≈≈###≈≈≈.#.......#
##.#...≈≈≈≈≈...#@.....##
#..###..#>#..###D.....#
...# ###...###.§§§....##
.### #####...§§§.....#
## #....§§§§§...## ##
#............# .#
#............P# ##
.............## #
..........P...#


You could see a nine-headed hydra.

Vanquished Creatures
  A two-headed ogre (D:10)
  An unseen horror (D:10)
  A lindwurm (Lair:4)
  Pikel (D:6)
  An ugly thing (D:8)
  2 black mambas (Lair:1)
  A merfolk siren (Lair:4)
  4 elephants
  6 spiny frogs
  6 komodo dragons
  A troll (D:9)
  Grinder (D:5)
  A polar bear (Lair:4)
  13 blink frogs
  5 hippogriffs
  Eustachio (D:5)
  4 hogs (D:7)
  A fire elemental (Lair:1)
  3 basilisks
  12 yaks
  A human (D:7)
  A steam dragon (D:8)
  A hungry ghost (D:10)
  Menkaure (D:5)
  2 wargs (D:10)
  3 swamp worms (Lair:1)
  Edmund (D:6)
  3 nagas (Lair:3)
  10 porcupines
  4 water moccasins
  An ice beast (D:9)
  5 orc warriors
  A sky beast (D:8)
  2 black bears
  A phantom (D:9)
  An ogre (D:5)
  2 centaurs
  8 crocodiles
  9 bullfrogs
  A wyvern zombie (D:7)
  3 scorpions
  7 killer bees (D:10)
  3 wights (D:7)
  3 electric eels (Lair:4)
  A crimson imp (D:7)
  A bullfrog zombie (D:8)
  4 quasits
  A centaur skeleton (D:7)
  2 hounds
  7 orc priests
  4 jellies
  2 bullfrog skeletons
  4 iguanas
  Ijyb (D:5)
  5 worker ants
  4 orc wizards
  A hound skeleton (D:9)
  4 gnolls
  7 adders
  A shadow imp (D:8)
  3 oozes
  An adder skeleton (D:4)
  An adder zombie (D:7)
  2 worms
  4 dart slugs
  A leopard gecko (D:6)
  45 orcs
  A ball python (D:2)
  2 giant cockroaches
  9 goblins
  4 hobgoblins
  4 jackals (D:3)
  7 kobolds
  3 quokkas
  8 bats
  5 frilled lizards
  A jackal skeleton (D:7)
  6 rats
  A fungus (Lair:3)
  A plant (Lair:1)
298 creatures vanquished.

Vanquished Creatures (collateral kills)
  A death yak (Lair:4)
  The ghost of Inarius the Skirmisher, a novice DsCK of Xom (D:5)
  2 komodo dragons
  A blink frog (Lair:4)
  Sigmund (D:3)
  A porcupine (Lair:4)
  2 ogres
  A bullfrog (Lair:4)
  2 electric eels (Lair:4)
  A quasit (D:5)
  2 adders (D:3)
  A leopard gecko (D:3)
  A hobgoblin (D:3)
17 creatures vanquished.

Vanquished Creatures (others)
  A spiny frog (Lair:4)
  5 blink frogs
  3 water moccasins
  A porcupine (Lair:4)
  2 crocodiles (Lair:4)
  2 bullfrogs (Lair:4)
  An orc priest (D:10)
  2 ball lightnings (Lair:1)
  An orc (D:10)
  4 fungi (Lair:4)
  10 plants
32 creatures vanquished.

Grand Total: 347 creatures vanquished

Notes
Turn   | Place    | Note
-------+----------+-------------------------------------------
     0 | D:1      | MalarOregon the Merfolk Gladiator began the quest for the
                  | Orb.
     0 | D:1      | Reached XP level 1. HP: 16/16 MP: 1/1
    85 | D:1      | Reached XP level 2. HP: 23/23 MP: 2/2
   357 | D:1      | Reached skill level 5 in Polearms
   364 | D:1      | Reached XP level 3. HP: 22/28 MP: 3/3
   869 | D:2      | Found a sparkling altar of Nemelex Xobeh.
   874 | D:2      | Found an opulent altar of Gozag.
   875 | D:2      | Found a shimmering altar of Xom.
   878 | D:2      | Became a worshipper of Nemelex Xobeh the Trickster
  1013 | D:2      | Received a gift from Nemelex Xobeh
  1086 | D:2      | Reached XP level 4. HP: 34/34 MP: 4/4
  1535 | D:3      | Noticed an ogre
  1539 | D:3      | Killed an ogre
  1539 | D:3      | Reached skill level 6 in Polearms
  1539 | D:3      | Reached skill level 1 in Invocations
  1539 | D:3      | Reached XP level 5. HP: 15/41 MP: 5/5
  1559 | D:3      | Noticed Sigmund
  1810 | D:3      | Killed Sigmund
  1810 | D:3      | Reached skill level 5 in Dodging
  1810 | D:3      | Reached XP level 6. HP: 47/47 MP: 5/7
  2056 | D:3      | Received a gift from Nemelex Xobeh
  2075 | D:3      | Reached * piety under Nemelex Xobeh
  2535 | D:4      | Reached skill level 7 in Polearms
  2772 | D:4      | Received a gift from Nemelex Xobeh
  2784 | D:4      | Reached ** piety under Nemelex Xobeh
  2981 | D:4      | Reached XP level 7. HP: 44/53 MP: 8/8
  3070 | D:4      | Found a glowing golden altar of the Shining One.
  3367 | D:5      | Entered Level 5 of the Dungeon
  3390 | D:5      | Noticed Ijyb
  3417 | D:5      | Killed Ijyb
  3509 | D:5      | Found a bloodstained altar of Trog.
  3574 | D:5      | Reached skill level 8 in Polearms
  3586 | D:5      | Received a gift from Nemelex Xobeh
  3827 | D:5      | Found a transporter.
  3829 | D:5      | Noticed Inarius's ghost (novice DsCK)
  3845 | D:5      | Found a transporter.
  3979 | D:5      | Found a white marble altar of Elyvilon.
  4018 | D:5      | Noticed Menkaure
  4033 | D:5      | Killed Menkaure
  4298 | D:5      | Found a basalt altar of Yredelemnul.
  4402 | D:5      | Found a bloodstained altar of Trog.
  4402 | D:5      | Noticed Grinder
  4407 | D:5      | Reached XP level 8. HP: 61/61 MP: 10/10
  4426 | D:5      | Killed Grinder
  4426 | D:5      | Reached skill level 9 in Polearms
  4534 | D:5      | Noticed Eustachio
  4564 | D:5      | Killed Eustachio
  4937 | D:6      | Noticed Edmund
  4961 | D:6      | Killed Edmund
  4961 | D:6      | Reached skill level 5 in Fighting
  5432 | D:6      | Found a staircase to the Ecumenical Temple.
  5443 | Temple   | Entered the Ecumenical Temple
  5713 | D:6      | Received a gift from Nemelex Xobeh
  5726 | D:6      | Found a stormy altar of Qazlal.
  5791 | D:6      | Reached *** piety under Nemelex Xobeh
  5852 | D:6      | Noticed Pikel
  5884 | D:6      | Killed Pikel
  5884 | D:6      | Reached skill level 10 in Polearms
  5884 | D:6      | Reached XP level 9. HP: 56/68 MP: 10/12
  6202 | D:5      | Reached skill level 5 in Throwing
  6209 | D:5      | Killed Inarius's ghost
  6385 | D:6      | Reached skill level 11 in Polearms
  6483 | D:7      | Reached skill level 5 in Invocations
  6917 | D:7      | Reached skill level 12 in Polearms
  7089 | D:7      | Reached XP level 10. HP: 57/77 MP: 14/14
  7831 | D:7      | Found a sacrificial altar of Ru.
  7929 | D:8      | Found Lidappue's Gadget Emporium.
  7955 | D:8      | Bought a wand of clouds (8) for 396 gold pieces
  8060 | D:8      | Reached **** piety under Nemelex Xobeh
  8080 | D:8      | Received a gift from Nemelex Xobeh
  8258 | D:8      | Noticed a brown ugly thing
  8278 | D:8      | Killed a brown ugly thing
  8278 | D:8      | Reached skill level 1 in Evocations
  9465 | D:9      | Reached skill level 13 in Polearms
  9573 | D:9      | Received a gift from Nemelex Xobeh
  9616 | D:9      | Found a hide-covered altar of Uskayaw.
  9624 | D:9      | Found a burning altar of Makhleb.
  9624 | D:9      | Found a blossoming altar of Fedhas.
  9635 | D:9      | Found a shattered altar of Ashenzari.
  9639 | D:9      | Found a stormy altar of Qazlal.
  9728 | D:9      | Received a gift from Nemelex Xobeh
  9828 | D:10     | Entered Level 10 of the Dungeon
  9865 | D:10     | Got a fine hand axe
  9964 | D:10     | Reached ***** piety under Nemelex Xobeh
 10000 | D:10     | Found a staircase to the Orcish Mines.
 10034 | D:10     | Reached XP level 11. HP: 61/84 MP: 16/16
 10062 | D:10     | Noticed a two-headed ogre
 10275 | D:10     | Found a staircase to the Lair.
 10352 | D:10     | Noticed an unseen horror
 10362 | D:10     | Killed an unseen horror
 10595 | D:10     | Reached skill level 14 in Polearms
 10609 | D:10     | Killed a two-headed ogre
 10609 | D:10     | Reached skill level 10 in Dodging
 10867 | D:10     | Found a radiant altar of Vehumet.
 10945 | Lair:1   | Entered Level 1 of the Lair of Beasts
 10967 | Lair:1   | Received a gift from Nemelex Xobeh
 11544 | Lair:1   | Learned a level 1 spell: Confusing Touch
 11550 | Lair:1   | Learned a level 5 spell: Yara's Violent Unravelling
 11628 | Lair:1   | Reached skill level 1 in Transmutations
 11639 | Lair:1   | Reached skill level 15 in Polearms
 11639 | Lair:1   | Reached skill level 1 in Hexes
 11639 | Lair:1   | Reached XP level 12. HP: 38/94 MP: 17/17
 12836 | Lair:2   | Received a gift from Nemelex Xobeh
 13009 | Lair:2   | Received a gift from Nemelex Xobeh
 13213 | Lair:2   | Received a gift from Nemelex Xobeh
 13431 | Lair:3   | Found a staircase to the Snake Pit.
 13545 | Lair:3   | Reached skill level 5 in Evocations
 13907 | Lair:3   | Received a gift from Nemelex Xobeh
 15349 | Lair:3   | Received a gift from Nemelex Xobeh
 15399 | Lair:4   | Reached skill level 16 in Polearms
 15475 | Lair:4   | Got a jewelled great sword
 15685 | Lair:4   | Reached XP level 13. HP: 39/101 MP: 19/19
 15687 | Lair:4   | Reached skill level 5 in Transmutations
 16072 | Lair:4   | Found a runed door.
 16075 | Lair:4   | Noticed tilp's ghost (journeyman MfIE)
 16089 | Lair:4   | Identified the +8 great sword of the Valley of Death
                  | {antimagic, rF+ rN++ Int+4} (You found it on level 4 of the
                  | Lair of Beasts)
 16564 | Lair:4   | Received a gift from Nemelex Xobeh
 16646 | Lair:4   | Found a staircase to the Shoals.
 16651 | Lair:4   | Reached ****** piety under Nemelex Xobeh
 16674 | Lair:4   | Slain by a nine-headed hydra

Vault maps used:
D:1:      erik_arrival_gehennom, hex_tiny, minmay_small_reverse_x
D:2:      grunt_temple_overflow_open, first_ration, kennysheep_pointless_box
D:3:      minmay_angry_zag, chequers_serial_rivers_micro_c, glass_columns_b,
          uniq_sigmund
D:4:      tso_altar
D:5:      kennysheep_ying_yang, nicolae_overflow_crystal_walls,
          gammafunk_ghost_stat_death, roderic_serpentine_path, bloody_trog,
          uniq_grinder, uniq_ijyb, uniq_eustachio, uniq_menkaure
D:6:      black_bear_nest_2, minmay_temple_entry_wispy,
          nicolae_qazlal_eye_of_the_storm, uniq_edmund, uniq_pikel
D:7:      nicolae_ru_path_of_blood, grunt_livestock, kennysheep_diamond,
          minmay_statues_item
D:8:      serial_shops, shop
D:9:      minmay_overflow_temple_star_hex
D:10:     david_lair_generic, david_orc_1_choice, basic_altar, serial_glass,
          glass_columns_b, glass_columns_b, minmay_strange_pillars,
          due_unseen_surprise, feat_on_display
Temple:   zaba_magenta_temple
Lair:1:   st_stairs_11, worms_lemuel
Lair:2:   infiniplex_staircase_pool_2
Lair:3:   guppyfry_snake_entry_garden, grunt_megastairs_5
Lair:4:   elwin_shoals_entry_stream, ebering_ghost_funeral_grove, st_stairs_6,
          nicolae_quartered_pool_super

Skill      XL: |  1  2  3  4  5  6  7  8  9 10 11 12 13 |
---------------+----------------------------------------+-----
Polearms       | 5 6 7 8 10 12 13 15 16 | 16.0
Fighting       | 3 4 5 6 7 8 9 |  9.7
Invocations    | 1 2 3 4 5 6 7 8 9 |  9.1
Throwing       | 3 4 5 6 7 8 |  8.9
Dodging        | 5 6 7 8 9 10 11 | 11.7
Evocations     | 2 4 5 |  5.0
Transmutations | 1 4 5 |  5.6
Hexes          | 1 3 4 |  4.0

Action                   |  1- 3 |  4- 6 |  7- 9 | 10-12 | 13-15 || total
-------------------------+-------+-------+-------+-------+-------++-------
Melee: Trident           |    83 |   180 |   266 |       |       ||   529
       Halberd           |       |       |    62 |   702 |    12 ||   776
       Tailslap          |       |       |       |     6 |       ||     6
Throw: Stone             |       |    14 |     1 |       |       ||    15
       Javelin           |       |       |       |    13 |       ||    13
       Tomahawk          |       |       |       |     2 |     4 ||     6
Invok: Stack Five        |       |       |       |     1 |       ||     1
 Abil: Draw Destruction  |       |     1 |       |     4 |     2 ||     7
       Draw Summoning    |       |     1 |     3 |       |     4 ||     8
       Draw Escape       |       |       |       |     1 |       ||     1
       Draw Stack        |       |       |       |     2 |     3 ||     5
Evoke: Wand              |       |       |     1 |    13 |     3 ||    17
  Use: Scroll            |       |       |    18 |    10 |    13 ||    41
       Potion            |       |       |       |     2 |     1 ||     3
 Stab: Sleeping          |     3 |     1 |     2 |     5 |       ||    11
       Confused          |       |       |       |     2 |       ||     2
       Paralysed         |       |       |       |     1 |       ||     1
  Eat: Chunk             |     1 |     6 |     6 |    18 |     3 ||    34
       Ration            |       |       |     2 |     3 |       ||     5
Armor: Leather armour    |    13 |    29 |    12 |       |       ||    54
       Robe              |       |       |    53 |    73 |     4 ||   130
       Skin              |       |       |       |     4 |       ||     4
Dodge: Dodged            |    36 |   112 |   226 |   409 |    26 ||   809

Table legend:
 A = Non-vault XP
 B = Vault XP
 C = Vault XP percentage of total XP
 D = Non-vault monster count
 E = Vault monster count
 F = Vault count percentage of total count
                 A         B        C        D         E       F
            +---------+---------+-------+---------+---------+-------
      Total |   28367 |    7578 |  21.1 |     246 |      82 |  25.0
            +---------+---------+-------+---------+---------+-------
        D:1 |      31 |      39 |  55.7 |      18 |       9 |  33.3
        D:2 |      18 |       0 |   0.0 |      11 |       0 |   0.0
        D:3 |     149 |     160 |  51.8 |      22 |       5 |  18.5
        D:4 |     347 |       0 |   0.0 |      18 |       0 |   0.0
        D:5 |     244 |    1138 |  82.3 |       5 |       9 |  64.3
        D:6 |      61 |     970 |  94.1 |       3 |       5 |  62.5
        D:7 |     731 |     985 |  57.4 |      25 |       5 |  16.7
        D:8 |    1147 |       0 |   0.0 |      10 |       0 |   0.0
        D:9 |    1961 |     340 |  14.8 |      18 |      25 |  58.1
       D:10 |    2801 |    1422 |  33.7 |      23 |      12 |  34.3
     Lair:1 |    7347 |    1199 |  14.0 |      33 |       6 |  15.4
     Lair:2 |     753 |       0 |   0.0 |       4 |       0 |   0.0
     Lair:3 |    7284 |     551 |   7.0 |      28 |       4 |  12.5
     Lair:4 |    5493 |     774 |  12.4 |      28 |       2 |   6.7
            +---------+---------+-------+---------+---------+-------
